 Dungeon Crawl Stone Soup version 0.27.1-4-g1640c2035a (webtiles) character file.

Game seed: 10640446499466917328

3306 horus123 the Arsonist (level 9, -5/45 HPs)
             Began as a Deep Elf Fire Elementalist on Oct 31, 2021.
             Was a Believer of Vehumet.
             Slain by a killer bee (7 damage)
             ... on level 8 of the Dungeon.
             The game lasted 00:26:42 (9212 turns).

horus123 the Arsonist (Deep Elf Fire Elementalist)  Turns: 9212, Time: 00:26:43

Health: -5/45      AC:  5    Str:  5    XL:     9   Next: 70%
Magic:  3/23       EV:  7    Int: 24    God:    Vehumet [**....]
Gold:   412        SH:  0    Dex: 15    Spells: 8/24 levels left

rFire    + + .     SeeInvis +   i - +4 dagger (elec)
rCold    + . .     Faith    .   (no shield)
rNeg     . . .     Spirit   .   a - +1 robe
rPois    +         Reflect  .   (helmet restricted)
rElec    +         Harm     .   t - scarf {shadows}
rCorr    +         Rampage  .   s - +0 pair of gloves
Will     .....     Clarity  +   j - +0 pair of boots
Stlth    +++.......             (no amulet)
HPRegen  0.15/turn              v - ring of protection from fire
MPRegen  0.18/turn              q - ring of see invisible

@: lethally poisoned (-5 -> -10), resistant, marked, held
A: horns 1, clarity
a: Renounce Religion


You were on level 8 of the Dungeon.
You worshipped Vehumet.
Vehumet was pleased with you.
You visited 2 branches of the dungeon, and saw 9 of its levels.

You collected 412 gold pieces.

Inventory:

Hand Weapons
 b - a +2 dagger of speed
 f - a +2 dagger of protection
 i - a +4 dagger of electrocution (weapon)
 x - a +5 dagger
Missiles
 w - a throwing net
Armour
 a - a +1 robe (worn)
 j - a +0 pair of boots (worn)
 s - a +0 pair of gloves (worn)
 t - a scarf of shadows (worn)
Jewellery
 q - a ring of see invisible (right hand)
 v - a ring of protection from fire (left hand)
 y - a ring of protection from fire
Wands
 l - a wand of acid (7)
 n - a wand of polymorph (8)
 o - a wand of paralysis (5)
 r - a wand of flame (12)
Scrolls
 u - a scroll of fog
 A - a scroll of identify
Potions
 d - 3 potions of might
 e - 3 potions of lignification
 g - a potion of heal wounds
 h - a potion of haste
 k - 3 potions of flight
 p - a potion of resistance
 z - a potion of cancellation {unknown}


   Skills:
 - Level 0.3 Fighting
 - Level 0.6 Short Blades
 - Level 2.9 Dodging
 + Level 5.3 Stealth
 - Level 8.1 Spellcasting
 - Level 8.1 Conjurations
 - Level 5.0 Hexes
 - Level 9.6 Fire Magic


You had 8 spell levels left.
You knew the following spells:

 Your Spells              Type           Power      Damage    Failure   Level
a - Foxfire               Conj/Fire      100%       2x1d9     1%          1
b - Inner Flame           Hex/Fire       45%        N/A       1%          3
c - Fireball              Conj/Fire      25%        3d11      4%          5
d - Sticky Flame          Conj/Fire      51%        2d7       1%          4
e - Magic Dart            Conj           100%       1d8       1%          1
f - Poisonous Vapours     Pois/Air       18%        N/A       10%         2

Your spell library contained the following spells:

 Spells                   Type           Power      Damage    Failure   Level
 Conjure Flame            Conj/Fire      51%        6-21      1%          3
 Apportation              Tloc           18%        N/A       6%          1
 Passwall                 Tmut/Erth      7%         N/A       10%         2
 Swiftness                Air            9%         N/A       19%         3
 Invisibility             Hex            17%        N/A       77%         6
 Alistair's Intoxication  Tmut/Pois      6%         N/A       87%         5


Dungeon Overview and Level Annotations

Branches:
Dungeon (8/15)             Temple (1/1) D:5
   Lair: D:8-11

Altars:
Ashenzari
Cheibriados
Elyvilon
Fedhas
Kikubaaqudgha
Makhleb
Nemelex Xobeh
Qazlal
Sif Muna
Trog
Uskayaw
Vehumet
Xom
Zin

Shops:
D:4 [   D:5 [:

Annotations:
D:8 Harold


Innate Abilities, Weirdness & Mutations

You have a pair of small horns on your head.
You possess an exceptional clarity of mind.


Message History

Harold hits you with a +0 hand axe!
You feel much better. Harold hits you but does no damage.
Casting: Fireball (quite dangerous; 4% risk of failure)
Confirm with . or Enter, or press ? or * to list all spells.
Aiming: Sticky Flame (dangerous; 1% risk of failure)
Press: ? - help, Shift-Dir - straight line, f/p - Harold
Aim: Harold, wielding a +0 hand axe and wearing a +0 chain mail (moderately wounded, 100% to hit)
The sticky flame hits Harold.
Harold is moderately wounded.
Harold is covered in liquid flames!
Harold burns!
The killer bee stings you but does no damage.
A killer bee comes into view.
The killer bee stings you! x2
You are poisoned.
The killer bee poisons you!
A killer bee comes into view.
Harold hits you with a +0 hand axe!
The killer bee stings you but does no damage.
You feel better.
Harold burns!
The killer bee barely misses you.
A killer bee comes into view.
The killer bee stings you but does no damage.
Harold hits you with a +0 hand axe.
A killer bee comes into view.
Okay, then.
You feel protected.
Harold burns!
Harold stops burning.
The killer bee stings you. The killer bee barely misses you.
The killer bee closely misses you. The killer bee stings you.
Harold hits you with a +0 hand axe.
Casting: Sticky Flame (dangerous; 1% risk of failure)
Confirm with . or Enter, or press ? or * to list all spells.
You don't have enough magic to cast this spell.
It was a potion of mutation.
You feel extremely strange. A pair of horns grows on your head!
Your thoughts seem clearer.
The killer bee stings you! The killer bee stings you.
* * * LOW HITPOINT WARNING * * *
You are poisoned.
The killer bee poisons you! The killer bee stings you!
* * * LOW HITPOINT WARNING * * *
The killer bee stings you!
You die...

#..#..#.#
.#..#..#.#
.=.....#.#
.......#.#
.......#.#
..$....#.#
#+###.#.#
#.)..@y.#
#####@#<#
......yyy....
#.######y..##
....# ....#
...# ##


You could see Harold and 5 killer bees.

Vanquished Creatures
  Pikel (D:5)
  A steam dragon (D:7)
  2 water moccasins
  2 necrophages
  A sky beast (D:6)
  3 ogres
  2 centaurs
  A phantom (D:5)
  A lemure (D:5)
  3 scorpions
  A bullfrog (D:6)
  A water moccasin skeleton (D:5)
  10 wights
  A howler monkey (D:6)
  2 centaur zombies
  A bullfrog zombie (D:5)
  2 jellies
  3 hounds
  A gnoll shaman (D:7)
  3 orc priests
  Crazy Yiuf (D:6)
  A centaur skeleton (D:6)
  2 bullfrog skeletons
  4 iguanas
  3 orc wizards
  2 killer bee zombies
  A howler monkey skeleton (D:5)
  12 gnolls
  7 adders
  2 white imps
  An adder zombie (D:5)
  2 worms
  A dart slug (D:1)
  23 orcs
  7 ball pythons
  8 endoplasms
  A giant cockroach (D:1)
  5 goblins
  9 hobgoblins
  2 jackals (D:1)
  6 quokkas
  2 bats
  3 frilled lizards (D:1)
  5 kobolds
  3 rats
  A spectral goblin (D:1)
156 creatures vanquished.

Vanquished Creatures (collateral kills)
  7 foxfires (D:6)
7 creatures vanquished.

Vanquished Creatures (others)
  An endoplasm (D:2)
  A rat (D:2)
  597 foxfires
599 creatures vanquished.

Grand Total: 762 creatures vanquished

Notes
Turn   | Place    | Note
-------+----------+-------------------------------------------
     0 | D:1      | horus123 the Deep Elf Fire Elementalist began the quest for
                  | the Orb.
     0 | D:1      | Reached XP level 1. HP: 10/10 MP: 6/6
     2 | D:1      | You fall into a shaft and drop 1 floor!
   147 | D:2      | Reached XP level 2. HP: 15/15 MP: 1/8
   498 | D:2      | Reached skill level 4 in Fire Magic
   502 | D:2      | Reached XP level 3. HP: 19/19 MP: 1/10
   800 | D:2      | Learned a level 3 spell: Inner Flame
  1264 | D:1      | Reached XP level 4. HP: 24/24 MP: 8/11
  1904 | D:1      | Found a faded altar of an unknown god.
  3086 | D:3      | Reached skill level 1 in Hexes
  3095 | D:3      | Reached XP level 5. HP: 9/28 MP: 6/13
  3168 | D:3      | Learned a level 5 spell: Fireball
  4074 | D:4      | Noticed an ogre
  4078 | D:4      | Killed an ogre
  4079 | D:4      | Reached XP level 6. HP: 32/32 MP: 8/14
  4086 | D:4      | Reached skill level 5 in Conjurations
  4390 | D:4      | Reached skill level 5 in Fire Magic
  4446 | D:4      | Found Wixzirah's Antique Armour Shop.
  4446 | D:4      | Noticed a water moccasin
  4455 | D:4      | Killed a water moccasin
  4456 | D:4      | Reached skill level 6 in Fire Magic
  4456 | D:4      | Reached XP level 7. HP: 36/36 MP: 11/15
  4939 | D:5      | Entered Level 5 of the Dungeon
  4939 | D:5      | Found a staircase to the Ecumenical Temple.
  4949 | D:5      | Reached skill level 7 in Fire Magic
  4981 | Temple   | Entered the Ecumenical Temple
  5056 | Temple   | Became a worshipper of Vehumet
  5101 | D:5      | Noticed Pikel
  5116 | D:5      | Paralysed by Pikel for 2 turns
  5125 | D:5      | Found Vuopimpo's Self-Improvement Boutique.
  5146 | D:5      | Killed Pikel
  5147 | D:5      | Reached skill level 9 in Fire Magic
  5147 | D:5      | Reached XP level 8. HP: 17/41 MP: 1/16
  5257 | D:5      | Learned a level 4 spell: Sticky Flame
  5556 | D:5      | Reached skill level 5 in Spellcasting
  5822 | D:5      | Found Peqaridu's Armour Emporium.
  6231 | D:6      | Reached * piety under Vehumet
  6231 | D:6      | Offered knowledge of Magic Dart by Vehumet.
  6242 | D:6      | Reached XP level 9. HP: 7/45 MP: 11/23
  6761 | D:6      | Learned a level 1 spell: Magic Dart
  6828 | D:6      | Found a shimmering altar of Xom.
  7471 | D:6      | Found a runed translucent door.
  7474 | D:6      | Noticed Crazy Yiuf
  7910 | D:6      | Killed Crazy Yiuf
  8090 | D:7      | Offered knowledge of Poisonous Vapours by Vehumet.
  8219 | D:7      | Reached ** piety under Vehumet
  8255 | D:7      | Reached skill level 5 in Hexes
  8346 | D:7      | Found a stormy altar of Qazlal.
  8404 | D:7      | Learned a level 2 spell: Poisonous Vapours
  9196 | D:8      | Noticed Harold
  9204 | D:8      | Reached skill level 5 in Stealth
  9212 | D:8      | Gained mutation: You have a pair of small horns on your
                  | head. [potion of mutation]
  9212 | D:8      | Gained mutation: You possess an exceptional clarity of
                  | mind. [potion of mutation]
  9212 | D:8      | HP: 2/45 [killer bee (8)]
  9212 | D:8      | Slain by a killer bee

Illustrated notes

Levels and vault maps discovered:
D:1:      lightli_arrival_flooded_house, layout_basic,
          dreamdust_ecumenical_altar_drowned_temple, minmay_misc_feat_iff
D:2:      layout_basic, serial_curves, eino_curves_02, eino_curves_04,
          eino_curves_01, eino_curves_03, lemuel_old_faithful
D:3:      layout_basic
D:4:      layout_rooms, serial_shops, nicolae_take_the_stairs,
          supply_closet_lemuel
D:5:      layout_rooms, minmay_temple_entry_stoned_glass, serial_shops,
          nicolae_diamond_shop, nicolae_shop_self_help, uniq_pikel
D:6:      layout_basic, mainiacjoe_overflow_brackets, minmay_door_square,
          minmay_hedge_maze, minmay_circle_x, uniq_crazy_yiuf_cottage
D:7:      layout_cave_pods, nicolae_qazlal_style_of_elements
D:8:      layout_basic, gammafunk_temple_overflow_wave, lair_entry_dummy,
          minmay_manual_mandibuliform, uniq_erica, uniq_harold, uniq_psyche
Temple:   compressed_dpeg_circular_temple

Skill      XL: |  1  2  3  4  5  6  7  8  9 |
---------------+----------------------------+-----
Fire Magic     | 4 6 9 |  9.6
Spellcasting   | 4 8 |  8.1
Stealth        | 3 5 |  5.3
Hexes          | 1 5 |  5.0
Conjurations   | 4 5 8 |  8.1
Fighting       | |  0.3
Short Blades   | |  0.6
Dodging        | |  2.9

Action                   |  1- 3 |  4- 6 |  7- 9 || total
-------------------------+-------+-------+-------++-------
Melee: Dagger            |     1 |    80 |    12 ||    93
 Cast: Foxfire           |    46 |    88 |   218 ||   352
       Inner Flame       |       |     1 |     3 ||     4
       Sticky Flame      |       |       |    11 ||    11
       Fireball          |       |       |    12 ||    12
       Magic Dart        |       |       |    21 ||    21
Evoke: Wand              |       |       |     1 ||     1
  Use: Scroll            |     2 |     7 |     9 ||    18
       Potion            |       |     1 |     8 ||     9
 Stab: Distracted        |     1 |       |       ||     1
       Sleeping          |       |     3 |     1 ||     4
Armor: Robe              |     1 |    10 |    20 ||    31
       Skin              |       |       |     3 ||     3
Dodge: Dodged            |    10 |    47 |    50 ||   107
